 Dungeon Crawl Stone Soup version 0.30-a0-778-g2ef04afb54 (webtiles) character file.

Game seed: 17186032779558829676

2713 Oxelix the Carver (level 9, -3/111 HPs)
             Began as a Demonspawn Berserker on Feb 16, 2023.
             Was a Priest of Trog.
             Slain by Erica
             ... wielding a +4 scimitar of flaming
              (9 damage)
             ... on level 8 of the Dungeon.
             The game lasted 00:10:54 (6409 turns).

Oxelix the Carver (Demonspawn Berserker)            Turns: 6409, Time: 00:10:55

Health: -3/111     AC: 10    Str: 17    XL:     9   Next: 39%
Magic:  9/9        EV:  5    Int: 10    God:    Trog [***...]
Gold:   349        SH:  0    Dex: 22    Spells: 8/8 levels left

rFire   . . .      SeeInvis .    m - +4 falchion
rCold   + . .      Faith    .    C - orb {light}
rNeg    . . .      Spirit   .    j - +0 plate armour
rPois   +          Reflect  .    (no helmet)
rElec   .          Harm     .    (no cloak)
rCorr   +          Rampage  .    (no gloves)
Will    .....                    (no boots) Stlth
                                 (no amulet)
HPRegen 0.38/turn                i - ring "Syuf" {rPois rC+ rCorr Dex+6}
MPRegen 0.11/turn                (no ring)

@: berserking, slowed, glowing
A: hooves 2, foul stench 1, demonic touch 2
a: Renounce Religion, Berserk, Trog's Hand


You were on level 8 of the Dungeon.
You worshipped Trog.
Trog was most pleased with you.
You visited 2 branches of the dungeon, and saw 9 of its levels.

You collected 349 gold pieces.

Inventory:

Hand Weapons
 m - a +4 falchion (weapon)
Missiles
 g - 2 javelins (quivered)
 D - 4 boomerangs
Armour
 j - a +0 plate armour (worn)
 s - a +0 buckler
 u - a +0 tower shield
 w - a +0 ring mail of poison resistance
 C - an orb of light (worn)
Jewellery
 i - the ring "Syuf" (left hand) {rPois rC+ rCorr Dex+6}
   (You found it on level 2 of the Dungeon)

   [ring of dexterity]

   Dex:       It affects your dexterity (+6).
   rC:        It protects you from cold.
   rPois:     It protects you from poison.
   rCorr:     It protects you from acid and corrosion.
Wands
 q - a wand of roots (22)
 v - a wand of flame (6)
 z - a wand of acid (3)
Scrolls
 b - 2 scrolls of fear
 d - a scroll of immolation {unknown}
 f - 2 scrolls of acquirement {unknown}
 k - a scroll of vulnerability
 o - a scroll of brand weapon {unknown}
 t - a scroll of torment {unknown}
 x - a scroll of noise {unknown}
 y - a scroll of teleportation {unknown}
 A - a scroll of blinking
Potions
 a - a potion of mutation {unknown}
 c - 3 potions of heal wounds
 e - a potion of cancellation
 h - 5 potions of flight
 l - a potion of invisibility
 n - 2 potions of might {unknown}
 p - 3 potions of degeneration {unknown}
 r - 2 potions of attraction {unknown}
 B - a potion of curing {unknown}


   Skills:
 + Level 8.1 Fighting
 * Level 10.1 Long Blades
 - Level 1.7 Armour
 - Level 1.7 Dodging


You had 8 spell levels left.
You didn't know any spells.
Your spell library was empty.

Dungeon Overview and Level Annotations

Branches:
Dungeon (8/15)             Temple (1/1) D:5
   Lair: D:8-11

Altars:
Ashenzari
Dithmenos
Fedhas
Gozag
Hepliaklqana
Kikubaaqudgha
Makhleb
Nemelex Xobeh
Okawaru
Qazlal
Ru
Sif Muna
Trog
Uskayaw
Vehumet
Xom
Yredelemnul

Shops:
D:2 (:

Annotations:
D:8 Erica


Innate Abilities, Weirdness & Mutations

You have hoof-like feet.
You may rarely emit foul miasma when damaged in melee.
Your touch may inflict irresistible damage on your foes.


Message History

You climb downwards.
Level annotation: Erica Deactivating autopickup; reactivate with Ctrl-A.
You feel yourself slow down.
There is a stone staircase leading up here.
Erica zaps a wand.
The bolt of acid hits you. You resist.
Things that are here:
a +0 short sword; an orc corpse Erica zaps a wand.
The bolt of acid hits you! You resist.
Erica screams, "Die!"
You slash Erica!
Erica is lightly wounded.
Erica barely misses you.
You slash Erica!
Erica is moderately wounded.
Erica hits you with a +4 scimitar of flaming.
Erica burns you.
You hit Erica. You kick Erica.
Erica is heavily wounded.
Erica hits you with a +4 scimitar of flaming.
Erica burns you.
You slash Erica! You kick Erica.
Erica is severely wounded.
Erica hits you with a +4 scimitar of flaming!
Erica burns you. Erica gestures at you while chanting.
The lance of force hits you!
You hit Erica but do no damage.
Erica is severely wounded.
Erica points at you and mumbles some strange words.
The lance of force hits you!!
* * * LOW HITPOINT WARNING * * *
You hit Erica. You kick Erica.
Erica is severely wounded.
Erica zaps a wand.
The bolt of acid hits you! You resist.
* * * LOW HITPOINT WARNING * * *
A red film seems to cover your vision as you go berserk!
You feel yourself moving faster!
You feel mighty!
Erica hits you with a +4 scimitar of flaming!
You die...

.........(........... ..
#....................
..##....................
........................
#.......................
........................
..........)........#....
.......@..# ...#....
.......@..## .....
.......)...#
.......<.[## ..##....###
. ###... ##... #....
...... .......


You could see Erica (invisible).

Vanquished Creatures
  Grinder (D:3)
  Edmund (D:5)
  2 water moccasins
  An ice beast (D:7)
  An orc warrior (D:7)
  A black bear (D:6)
  4 ogres
  A phantom (D:7)
  3 bullfrogs
  2 scorpions
  6 killer bees (D:7)
  A howler monkey (D:5)
  3 jellies
  6 orc priests
  A gnoll bouda (D:4)
  2 hounds
  Jessica (D:3)
  3 iguanas
  Ijyb (D:5)
  Terence (D:3)
  5 orc wizards
  3 gnolls (D:4)
  9 adders
  A shadow imp (D:7)
  2 white imps (D:7)
  An ufetubus (D:5)
  A dart slug (D:5)
  25 orcs
  4 ball pythons
  9 endoplasms
  2 giant cockroaches (D:3)
  14 goblins
  7 hobgoblins
  6 jackals
  5 kobolds
  8 quokkas
  4 bats (D:2)
  2 frilled lizards
  A rat (D:3)
151 creatures vanquished.

Notes
Turn   | Place    | Note
-------+----------+-------------------------------------------
     0 | D:1      | Oxelix the Demonspawn Berserker began the quest for the
                  | Orb.
     0 | D:1      | Reached XP level 1. HP: 18/18 MP: 1/1
    78 | D:1      | Reached skill level 3 in Long Blades
   165 | D:1      | Discovered your monstrous ancestry.
   165 | D:1      | Gained mutation: Your touch may inflict minor irresistible
                  | damage on your foes. [demonic ancestry]
   165 | D:1      | Reached XP level 2. HP: 14/24 MP: 2/2
   563 | D:2      | Reached XP level 3. HP: 22/29 MP: 3/3
   716 | D:2      | Found Usidgh's Book Boutique.
   978 | D:2      | Identified the ring "Syuf" {rPois rC+ rCorr Dex+6}
  1045 | D:2      | Reached ** piety under Trog
  1097 | D:2      | Found Sutett's Antique Weapon Boutique.
  1271 | D:3      | Reached skill level 4 in Long Blades
  1271 | D:3      | Gained mutation: You may rarely emit foul miasma when
                  | damaged in melee. [demonic ancestry]
  1271 | D:3      | Reached XP level 4. HP: 35/37 MP: 4/4
  1356 | D:3      | Noticed Terence
  1374 | D:3      | Killed Terence
  1768 | D:3      | Noticed Jessica
  1774 | D:3      | Killed Jessica
  1775 | D:3      | Reached XP level 5. HP: 42/42 MP: 5/5
  1897 | D:3      | Noticed Grinder
  1907 | D:3      | Killed Grinder
  1908 | D:3      | Reached skill level 5 in Long Blades
  1908 | D:3      | Gained mutation: Your touch may inflict irresistible damage
                  | on your foes. [demonic ancestry]
  1908 | D:3      | Reached XP level 6. HP: 49/49 MP: 6/6
  2363 | D:4      | HP: 1/73 [ogre/+0 giant club (11)]
  2366 | D:4      | Reached skill level 5 in Fighting
  2547 | D:4      | Reached skill level 6 in Long Blades
  2638 | D:4      | Gained mutation: You have large cloven feet. [demonic
                  | ancestry]
  2638 | D:4      | Reached XP level 7. HP: 56/56 MP: 7/7
  2854 | D:4      | Found a sacrificial altar of Ru.
  3241 | D:5      | Entered Level 5 of the Dungeon
  3285 | D:5      | Found a sparkling altar of Nemelex Xobeh.
  3298 | D:5      | Found a radiant altar of Vehumet.
  3439 | D:5      | Found a stormy altar of Qazlal.
  3454 | D:5      | Found a staircase to the Ecumenical Temple.
  3478 | Temple   | Entered the Ecumenical Temple
  3693 | D:5      | Reached skill level 7 in Long Blades
  3694 | D:5      | Noticed Edmund
  3717 | D:5      | Killed Edmund
  3719 | D:5      | Gained mutation: You have hoof-like feet. [demonic
                  | ancestry]
  3719 | D:5      | Reached XP level 8. HP: 63/64 MP: 8/8
  3723 | D:5      | Noticed Ijyb
  3736 | D:5      | Killed Ijyb
  4007 | D:5      | Found an iron altar of Okawaru.
  4227 | D:5      | Found a bloodstained altar of Trog.
  4383 | D:5      | Found a blossoming altar of Fedhas.
  4396 | D:5      | Found a burning altar of Makhleb.
  4474 | D:5      | Found a shimmering blue altar of Sif Muna.
  4717 | D:6      | Reached skill level 8 in Long Blades
  5093 | D:6      | You fall into a shaft and drop 2 floors!
  5128 | D:7      | Found a shadowy altar of Dithmenos.
  5165 | D:7      | Reached *** piety under Trog
  5339 | D:6      | Reached skill level 9 in Long Blades
  5580 | D:6      | Reached XP level 9. HP: 72/72 MP: 9/9
  6087 | D:7      | Reached skill level 10 in Long Blades
  6385 | D:8      | Noticed Erica
  6409 | D:8      | Slain by Erica

Illustrated notes

Levels and vault maps discovered:
D:1:      amcnicky_arrival_choice, layout_rooms
D:2:      layout_rooms, serial_shops, shop, nicolae_shop_behind_doors
D:3:      layout_basic, kennysheep_big_empty_room, uniq_terence, uniq_grinder,
          uniq_jessica
D:4:      layout_cave_pods, nicolae_ru_the_path_less_chosen
D:5:      layout_gridville, trog_hazing_becter, okawaru_metal_pillars_1_2,
          grunt_qazlal_clouds, old_standard_altar, kennysheep_mini,
          grunt_temple_overflow_open, vehumet_crystals,
          minmay_temple_entry_ruins, chequers_serial_rivers_micro_e,
          minivault_24, minmay_misc_feat_four_crosses, uniq_ijyb, uniq_edmund
D:6:      layout_loops_ring
D:7:      layout_basic, overflow_temple_1_default
D:8:      layout_cave_pools, amcnicky_altar_gilded, gammafunk_ghost_cemetery,
          uniq_erica
Temple:   grunt_temple_mini_profane

Skill      XL: |  1  2  3  4  5  6  7  8  9 |
---------------+----------------------------+-----
Long Blades    | 3 4 5 6 7 9 10 | 10.1
Fighting       | 4 5 6 7 8 |  8.1
Armour         | |  1.7
Dodging        | |  1.7

Action                     |  1- 3 |  4- 6 |  7- 9 || total
---------------------------+-------+-------+-------++-------
  Melee: Falchion          |   113 |    54 |   202 ||   369
         Punch             |     1 |     1 |     2 ||     4
         Touch             |     3 |     9 |    28 ||    40
         Kick              |       |       |    64 ||    64
  Throw: Javelin           |       |       |     1 ||     1
 Invoke: Berserk           |     3 |     3 |     4 ||    10
         Trog's Hand       |       |     1 |     2 ||     3
    Use: Scroll            |       |     5 |     2 ||     7
   Stab: Sleeping          |     2 |       |       ||     2
 Armour: Animal skin       |    20 |       |       ||    20
         Leather armour    |    16 |       |       ||    16
         Plate armour      |    11 |    22 |   136 ||   169
  Dodge: Dodged            |    92 |     6 |    53 ||   151

Table legend: (Time is in decaauts)
 A = Elapsed time spent in this place.
 B = Non-inter-level travel time spent in this place.
 C = Inter-level travel time spent in this place.
 D = Time resting spent in this place.
 E = Time spent auto-exploring this place.
 F = Levels seen in this place.
 G = Mean time per level.
                   A        B        C        D        E       F      G
               +--------+--------+--------+--------+--------+-----+--------+
         Total |   6491 |   6296 |    195 |    868 |   4330 |   9 |  721.2 |
       Dungeon |   6281 |   6121 |    160 |    868 |   4160 |   8 |  785.1 |
        Temple |    210 |    175 |     35 |      0 |    170 |   1 |  210.0 |
               +--------+--------+--------+--------+--------+-----+--------+

Top non-repeatable levels by time:
     D:3: 1072 daAuts
     D:5: 1069 daAuts
     D:4: 1045 daAuts
     D:7: 994 daAuts
     D:6: 851 daAuts
     D:2: 629 daAuts
     D:1: 559 daAuts
  Temple: 210 daAuts
     D:8: 59 daAuts
